 Dungeon Crawl Stone Soup version 0.28.0-47-ge53b351184 (webtiles) character file.

Game seed: 17962514059666649812

544 pkoi the Insei (level 6, -2/46 HPs)
             Began as a Demigod Artificer on Apr 25, 2022.
             Slain by a gnoll
             ... wielding a +0 halberd
              (5 damage)
             ... on level 5 of the Dungeon.
             The game lasted 00:09:06 (6141 turns).

pkoi the Insei (Demigod Artificer)                  Turns: 6141, Time: 00:09:06

Health: -2/46      AC: 14    Str: 13    XL:     6   Next: 77%
Magic:  12/12      EV:  5    Int: 21    God:
Gold:   158        SH:  0    Dex: 14    Spells: 7/9 levels left

rFire   . . .      SeeInvis .     - Unarmed
rCold   + . .      Faith    .   w - orb {*Rage}
rNeg    . . .      Spirit   .   g - +2 ring mail {rC+}
rPois   .          Reflect  .   (no helmet)
rElec   .          Harm     .   m - +1 cloak
rCorr   .          Rampage  .   (no gloves)
Will    .....      Rage     20% y - +0 pair of boots
Stlth   +.........              (no amulet)
HPRegen 0.15/turn               k - +4 ring of protection
MPRegen 0.13/turn               o - ring of flight

@: on berserk cooldown, flying, held, slowed, very slow
A: high MP 1, forlorn, divine attributes
a: no special abilities


You were on level 5 of the Dungeon.
You visited 1 branch of the dungeon, and saw 5 of its levels.

You collected 158 gold pieces.

Inventory:

Hand Weapons
 a - a +0 club
 v - a +2 whip of electrocution
Missiles
 s - 8 poisoned darts
 x - 4 javelins
Armour
 b - a +0 leather armour
 g - a +2 ring mail of cold resistance (worn)
 m - a +1 cloak (worn)
 w - an orb of wrath (worn)
 y - a +0 pair of boots (worn)
Jewellery
 k - a +4 ring of protection (left hand)
 o - a ring of flight (right hand)
Wands
 c - a wand of flame (24) (quivered)
 d - a wand of charming (14)
Scrolls
 f - a scroll of noise {unknown}
 h - a scroll of amnesia {unknown}
 i - 2 scrolls of enchant armour {unknown}
 j - 3 scrolls of immolation {unknown}
 n - 3 scrolls of identify {unknown}
 t - a scroll of enchant weapon {unknown}
 u - a scroll of fog {unknown}
Potions
 l - 3 potions of curing {unknown}
 p - 3 potions of attraction {unknown}
 q - a potion of cancellation {unknown}
 r - 2 potions of heal wounds {unknown}
 z - 2 potions of might {unknown}
Miscellaneous
 e - a piece from Xom's chessboard (15/15)


   Skills:
 - Level 0.8 Fighting
 + Level 1.9 Armour
 - Level 0.8 Dodging
 - Level 0.8 Stealth
 * Level 5.1 Unarmed Combat
 + Level 2.4 Spellcasting
 + Level 2.7 Translocations
 - Level 2.6 Evocations


You had 7 spell levels left.
You knew the following spells:

 Your Spells              Type           Power      Damage    Failure   Level
a - Blink                 Tloc           28%        N/A       14%         2

Your spell library contained the following spells:

 Spells                   Type           Power      Damage    Failure   Level
 Lesser Beckoning         Tloc           14%        N/A       28%         3
 Ensorcelled Hibernation  Hex/Ice        4%         N/A       41%         2
 Passwall                 Tmut/Erth      1%         N/A       41%         2
 Portal Projectile        Hex/Tloc       16%        N/A       45%         3
 Call Canine Familiar     Summ           2%         N/A       65%         3
 Swiftness                Air            2%         N/A       65%         3
 Manifold Assault         Tloc           14%        N/A       95%         5
 Leda's Liquefaction      Hex/Erth       1%         N/A       96%         4


Dungeon Overview and Level Annotations

Branches:
Dungeon (5/15)
 Temple: D:4-7

Shops:
D:2 ?

Annotations:
D:3 1 runed translucent door, Crazy Yiuf


Innate Abilities, Weirdness & Mutations

You have an increased reservoir of magic. (+10% MP)
You shall have no god before yourself.
Your divine heritage dramatically boosts your attributes as you level up.


Message History

The gnoll hits you but does no damage.
Unknown command.
You barely miss the gnoll.
The gnoll is severely wounded.
The gnoll hits you from afar with a +0 halberd.
* * * LOW HITPOINT WARNING * * *
The gnoll closely misses you.
Unknown command.
You barely miss the gnoll.
The gnoll is severely wounded.
The gnoll barely misses you.
The gnoll hits you from afar with a +0 halberd!
* * * LOW HITPOINT WARNING * * *
The gnoll hits you but does no damage.
Unknown command.
You barely miss the gnoll.
The gnoll is severely wounded.
Unknown command.
You closely miss the gnoll.
The gnoll is severely wounded.
The gnoll closely misses you.
The gnoll hits you from afar with a +0 halberd.
* * * LOW HITPOINT WARNING * * *
The gnoll closely misses you.
Unknown command.
The gnoll hits you with a +0 whip.
* * * LOW HITPOINT WARNING * * *
You feel a strong urge to attack something.
There is a stone staircase leading up here.
You are no longer berserk.
You are exhausted.
You feel yourself slow down.
The gnoll throws a throwing net.
The throwing net hits you.
You become entangled in the net!
You stop ascending the stairs.
The gnoll hits you from afar with a +0 halberd.
* * * LOW HITPOINT WARNING * * *
You tear a large gash into the net.
The gnoll hits you but does no damage.
You struggle against the net.
The gnoll hits you from afar with a +0 halberd.
You die...

######### #......@#
#......g# #.....gg#
#.......# ###..)### ####
#.#.# #..## ###.#†# ###
#...###
#.....########.###......
#.......................


You could see 3 gnolls.

Vanquished Creatures
  An ogre (D:4)
  A phantom (D:4)
  A bullfrog (D:5)
  A centaur zombie (D:4)
  3 hounds (D:4)
  An orc priest (D:5)
  A centaur skeleton (D:5)
  2 iguanas
  A hound skeleton (D:4)
  3 adders
  2 dart slugs
  6 orcs
  8 endoplasms
  A goblin (D:3)
  A hobgoblin (D:2)
  7 ball pythons
  2 bats
  3 frilled lizards
  10 kobolds
  4 rats
59 creatures vanquished.

Vanquished Creatures (collateral kills)
  An endoplasm (D:4)
1 creature vanquished.

Vanquished Creatures (others)
  4 fungi (D:3)
4 creatures vanquished.

Grand Total: 64 creatures vanquished

Notes
Turn   | Place    | Note
-------+----------+-------------------------------------------
     0 | D:1      | pkoi the Demigod Artificer began the quest for the Orb.
     0 | D:1      | Reached XP level 1. HP: 15/15 MP: 3/3
   387 | D:1      | Reached skill level 1 in Unarmed Combat
  1062 | D:1      | Reached XP level 2. HP: 22/22 MP: 4/4
  1459 | D:2      | Found Roqoan's Magic Scroll Emporium.
  1536 | D:2      | Reached skill level 2 in Unarmed Combat
  1739 | D:2      | Identified the +0 robe of Peek-a-Boo {rF+}
  2342 | D:3      | Reached XP level 3. HP: 27/27 MP: 5/5
  2345 | D:3      | Learned a level 2 spell: Blink
  3247 | D:3      | Found a runed translucent door.
  3248 | D:3      | Noticed Crazy Yiuf
  3660 | D:4      | Reached skill level 3 in Unarmed Combat
  3676 | D:4      | Reached XP level 4. HP: 22/34 MP: 5/7
  3810 | D:4      | Reached skill level 1 in Spellcasting
  3810 | D:4      | Reached skill level 1 in Translocations
  4408 | D:4      | Reached XP level 5. HP: 36/39 MP: 9/9
  4589 | D:4      | Noticed an ogre
  4612 | D:4      | HP: 1/39 [ogre/+0 giant club (20)]
  4613 | D:4      | Killed an ogre
  4614 | D:4      | Reached skill level 4 in Unarmed Combat
  5187 | D:4      | Reached XP level 6. HP: 46/46 MP: 12/12
  5359 | D:5      | Entered Level 5 of the Dungeon
  5747 | D:5      | Reached skill level 5 in Unarmed Combat
  6141 | D:5      | Slain by a gnoll

Illustrated notes

Levels and vault maps discovered:
D:1:      giann_forest_graveyard, layout_basic,
          chequers_ecumenical_altar_simple_redux
D:2:      layout_rooms, serial_shops, shop
D:3:      layout_basic, grunt_ministairs_11, uniq_crazy_yiuf_cottage
D:4:      layout_gridville
D:5:      minmay_evil_eye, layout_rooms, lemuel_round_altar, serial_park_tiny_1

Skill      XL: |  1  2  3  4  5  6 |
---------------+-------------------+-----
Unarmed Combat | 1 2 3 4 5 |  5.1
Spellcasting   | 1 2 |  2.4
Translocations | 1 2 |  2.7
Fighting       | |  0.8
Armour         | |  1.9
Dodging        | |  0.8
Stealth        | |  0.8
Evocations     | |  2.6

Action                   |  1- 3 |  4- 6 || total
-------------------------+-------+-------++-------
Melee: Club              |   141 |       ||   141
       Unarmed           |    14 |   155 ||   169
       Punch             |     3 |     7 ||    10
       Whip              |       |     8 ||     8
Evoke: Wand              |     5 |       ||     5
       Piece from Xom's  |       |     2 ||     2
 Stab: Sleeping          |     1 |       ||     1
       Petrified         |       |    13 ||    13
Armor: Ring mail         |    76 |    80 ||   156
       Leather armour    |     3 |       ||     3
Dodge: Dodged            |   106 |    90 ||   196
